 Dungeon Crawl Stone Soup version 0.32-a0-422-g28b100f618 (webtiles) character file.

Game seed: 8674399737292367058

47543 BoggartHarbringer the Thaumaturge (level 14, -4/133 HPs)
             Began as a Naga Alchemist on Feb 21, 2024.
             Was an Elder of Vehumet.
             Slain by a thrashing horror (16 damage)
             ... on level 5 of the Lair of Beasts.
             The game lasted 00:34:39 (21525 turns).

BoggartHarbringer the Thaumaturge (Naga Alchemist) Turns: 21525, Time: 00:34:40

Health: -4/133     AC: 14    Str: 11    XL:     14   Next: 42%
Magic:  32/32      EV: 13    Int: 21    God:    Vehumet [****..]
Gold:   1041       SH:  0    Dex: 11    Spells: 29/41 levels left

rFire   . . .        i - +5 flail
rCold   . . .        (no shield)
rNeg    . . .        U - +0 troll leather armour
rPois   +            h - +0 helmet
rElec   .            o - +0 cloak
rCorr   .            r - +0 pair of gloves
SInv    +            S - +0 barding
Will    +....        V - amulet of magic regeneration
Stlth   ++++         F - ring of wizardry
HPRegen 1.22/turn    H - +5 ring of evasion
MPRegen 0.63/turn

%: wizardry (x1)
@: on berserk cooldown, slowed, very slow
A: AC +4, large, see invisible, deformed body, poison resistance, slowness 2,
spit poison 1, naga tail 2
a: Spit Poison, Renounce Religion


You were on level 5 of the Lair of Beasts.
You worshipped Vehumet.
Vehumet was greatly pleased with you.
You visited 3 branches of the dungeon, and saw 16 of its levels.
You also visited: Ossuary and Gauntlet.

You collected 1215 gold pieces.
You spent 174 gold pieces at shops.

Inventory:

Hand Weapons
 i - a +5 flail (weapon)
 p - a +0 short sword of distortion {!w}
 t - the +2 spear "Zorchyuce" {holy, rC+ Str+2 Int+2}
   (You found it on level 4 of the Dungeon)

   Str+2:     It affects your strength (+2).
   Int+2:     It affects your intelligence (+2).
   rC+:       It protects you from cold.
 w - a +2 mace of venom
Missiles
 m - 9 curare-tipped darts
 G - a throwing net
Armour
 a - a +0 robe
 h - a +0 helmet (worn)
 o - a +0 cloak (worn)
 r - a +0 pair of gloves (worn)
 S - a +0 barding (worn)
 U - a +0 troll leather armour (worn)
Magical Staves
 K - a staff of cold {rC+ !a}
Jewellery
 g - the ring of Cossynn {rCorr AC+4 Str+5 Int-2 Dex-2}
   (You took it off an orc wizard on level 10 of the Dungeon)

   [ring of protection]

   AC+4:      It affects your AC (+4).
   Str+5:     It affects your strength (+5).
   Int-2:     It affects your intelligence (-2).
   Dex-2:     It affects your dexterity (-2).
   rCorr:     It protects you from acid and corrosion.
 s - an amulet of faith
 E - a +6 ring of dexterity
 F - a ring of wizardry (left hand)
 H - a +5 ring of evasion (right hand)
 V - an amulet of magic regeneration (around neck)
Talismans
 y - a dragon-blood talisman
Wands
 v - a wand of digging (7)
 N - a wand of polymorph (6)
 Q - a wand of mindburst (8)
Scrolls
 d - 6 scrolls of vulnerability {!r}
 e - 6 scrolls of amnesia
 f - 2 scrolls of enchant weapon
 j - 2 scrolls of noise
 k - 2 scrolls of torment
 u - 7 scrolls of teleportation {@r3}
 C - 2 scrolls of poison
 L - 2 scrolls of silence {!r}
 M - a scroll of butterflies
 P - a scroll of fog {unknown}
 T - a scroll of fear
 W - a scroll of blinking {@r4}
 X - a scroll of enchant armour {unknown}
Potions
 b - a potion of magic
 l - 4 potions of curing {@q2}
 q - a potion of brilliance
 x - a potion of might {unknown}
 z - 8 potions of enlightenment
 A - 4 potions of heal wounds {@q1}
 B - 3 potions of attraction
 D - a potion of degeneration {unknown}
 I - a potion of invisibility {unknown}
 J - a potion of mutation {unknown}
 O - 3 potions of resistance {unknown}
 R - a potion of ambrosia


   Skills:
 + Level 10.5 Fighting
 - Level 4.0 Armour
 - Level 4.0 Dodging
 - Level 10.0 Stealth
 + Level 14.3 Spellcasting
 * Level 9.3 Conjurations
 - Level 5.0 Translocations
 - Level 5.0 Ice Magic
 - Level 5.0 Air Magic
 - Level 8.0 Alchemy


You had 29 spell levels left.
You knew the following spells:

 Your Spells              Type           Power      Damage    Failure   Level
b - Blink                 Tloc           72%        N/A       1%          2
f - Freezing Cloud        Conj/Ice/Air   21%        6-21      1%          5
o - Olgreb's Toxic Radia  Alch           48%        N/A       1%          4
s - Sting                 Conj/Alch      100%       1d9       1%          1

Your spell library contained the following spells:

 Spells                   Type           Power      Damage    Failure   Level
 Frozen Ramparts          Ice            72%        1d11      1%          3
 Magic Dart               Conj           100%       1d8       1%          1
 Ensorcelled Hibernation  Hex/Ice        50%        N/A       1%          2
 Lesser Beckoning         Tloc           72%        N/A       1%          2
 Mercury Vapours          Alch/Air       84%        N/A       1%          2
 Momentum Strike          Conj/Tloc      90%        3d10      1%          2
 Dazzling Flash           Conj/Hex       68%        N/A       1%          3
 Mephitic Cloud           Conj/Alch/Air  46%        N/A       1%          3
 Ozocubu's Armour         Ice            36%        N/A       1%          3
 Stone Arrow              Conj/Erth      68%        3d11      1%          3
 Swiftness                Air            36%        N/A       1%          3
 Volatile Blastmotes      Fire/Tloc      50%        2d14      1%          3
 Sticky Flame             Fire/Alch      31%        2d7       1%          4
 Call Imp                 Summ           30%        N/A       3%          2
 Sublimation of Blood     Necr           15%        N/A       3%          2
 Passwall                 Erth           15%        N/A       6%          3
 Vampiric Draining        Necr           15%        2d7       6%          3
 Starburst                Conj/Fire      17%        6d6       12%         6
 Maxwell's Capacitive Co  Air            18%        ∞         95%         8
 Summon Hydra             Summ           7%         N/A       100%        7


Dungeon Overview and Level Annotations

Branches:
Dungeon (10/15)            Temple (1/1) D:4            Lair (5/5) D:8
 Shoals (0/4) Lair:3        Snake (0/4) Lair:2        Slime (0/5) Lair:4
Ossuary (visited)         Gauntlet (visited)
    Orc: D:9-12

Altars:
Ashenzari
Cheibriados
Dithmenos
Elyvilon
Fedhas
Hepliaklqana
Kikubaaqudgha
Makhleb
Nemelex Xobeh
Okawaru
Qazlal
Ru
Sif Muna
Trog
Uskayaw
Vehumet
Wu Jian
Xom
Zin
The Shining One
Beogh

Shops:
D:4 *:?


Innate Abilities, Weirdness & Mutations

Your serpentine skin is tough. (AC +4)
You have supernaturally acute eyesight. (SInv)
Armour fits poorly on your strangely shaped body.
Your system is resistant to poisons. (rPois)
You cover ground very slowly.
You can spit poison.
You can use your snake-like lower body to constrict enemies.


Message History

The thrashing horror tramples you but does no damage. x2
You hit the thrashing horror. You grab the thrashing horror.
The thrashing horror is severely damaged.
You constrict the thrashing horror.
The thrashing horror is no longer covered in acid.
The thrashing horror closely misses you.
The thrashing horror barely misses you.
The thrashing horror churns violently!
The thrashing horror seems to grow stronger.
The thrashing horror tramples you.
You stumble backwards!
You lose your grip on the thrashing horror.
You closely miss the thrashing horror. You grab the thrashing horror.
The thrashing horror is severely damaged.
You constrict the thrashing horror, but do no damage.
The thrashing horror tramples you!
You stumble backwards!
You lose your grip on the thrashing horror.
Aiming: Corrosive Bolt
Press: ? - help, Q - select action, (/) - cycle Shift-Dir - straight line, f/p - thrashing horror
Aim: a thrashing horror (severely damaged, strong, 71% to hit)
The bolt of acid hits the thrashing horror!
The thrashing horror is almost destroyed.
The now-empty wand crumbles to dust.
The thrashing horror tramples you but does no damage.
The thrashing horror barely misses you.
You barely miss the thrashing horror. You grab the thrashing horror.
The thrashing horror is almost destroyed.
You constrict the thrashing horror, but do no damage.
The thrashing horror tramples you!
* * * LOW HITPOINT WARNING * * *
You hold your ground!
The thrashing horror tramples you.
* * * LOW HITPOINT WARNING * * *
You hold your ground!
The thrashing horror struggles to escape constriction.
The thrashing horror tramples you!
* * * LOW HITPOINT WARNING * * *
You hold your ground!
The thrashing horror completely misses you.
The thrashing horror struggles to escape constriction.
The thrashing horror tramples you!
You die...

#.###. ##.###
#...PP ##<...
#..... ♣♣♣
##.... ♣.♣
#P.... ♣♣.♣ ♣♣♣♣
#..... ♣..♣
♣♣@.♣♣♣♣ ##....
♣..♣♣♣.X..♣.♣♣♣
#....
♣♣...♣†.♣♣...÷.♣
##...
♣.......♣♣♣.§.°♣
#... ♣...♣..♣♣
♣♣♣○☼♣ ####
♣♣.♣♣♣.♣♣ ♣♣°♣♣♣
# ♣♣.♣♣...♣
♣♣.○.♣ #
♣..♣♣...♣ ♣..♣.♣
# ♣.♣♣♣♣..♣♣
♣.♣...♣ #


You could see a thrashing horror (strong).

Vanquished Creatures
  4 hydras
  Harold (Lair:2)
  A two-headed ogre (D:9)
  2 catoblepae
  7 death yaks
  2 thrashing horrors (Lair:5)
  Sonja (Lair:5)
  2 skysharks
  A large abomination (Lair:5)
  An ugly thing (Lair:5)
  4 oklob plants
  9 elephants
  6 black mambas
  A salamander (Lair:2)
  8 cane toads
  A torpor snail (Lair:3)
  A smoke demon (Lair:5)
  3 rime drakes
  7 komodo dragons
  4 polar bears
  3 trolls
  A snapping turtle (Lair:3)
  2 raiju (Lair:5)
  6 dream sheep (Lair:5)
  Grinder (D:3)
  23 blink frogs
  A water elemental (Lair:3)
  3 ynoxinuls (Lair:5)
  A shadow (D:9)
  43 yaks
  Sigmund (D:3)
  A spriggan (Lair:5)
  3 basilisks
  3 wyverns
  3 steam dragons
  2 chaos spawn (Lair:5)
  9 water moccasins
  Duvessa (D:5)
  4 orc warriors
  2 black bears
  2 centaurs
  An ogre (D:5)
  6 wolves (Lair:5)
  2 phantoms
  3 kobold brigands
  10 bullfrogs
  4 scorpions
  7 small abominations (Lair:5)
  A gnoll sergeant (D:9)
  A burial acolyte (Ossuary)
  5 wights
  Dowan (D:5)
  6 killer bees
  2 jellies
  3 howler monkeys
  3 lava snakes (Lair:2)
  5 hounds
  A human zombie (Ossuary)
  A bombardier beetle (D:6)
  8 orc priests
  Crazy Yiuf (D:3)
  4 sleepcaps
  9 orc wizards
  2 mummies (Ossuary)
  7 gnolls
  11 adders
  A shadow imp (D:8)
  2 dart slugs
  64 orcs
  6 bats
  5 endoplasms
  3 giant cockroaches
  4 goblins
  5 hobgoblins
  2 jackals (D:5)
  22 kobolds
  2 quokkas
  2 ball pythons
  8 frilled lizards
  3 rats
414 creatures vanquished.

Vanquished Creatures (others)
  A killer bee (D:9)
1 creature vanquished.

Grand Total: 415 creatures vanquished

Notes
Turn   | Place    | Note
-------+----------+-------------------------------------------
     0 | D:1      | BoggartHarbringer the Naga Alchemist began the quest for
                  | the Orb.
     0 | D:1      | Reached XP level 1. HP: 15/15 MP: 3/3
    92 | D:1      | Reached XP level 2. HP: 22/22 MP: 0/5
   345 | D:1      | Reached XP level 3. HP: 28/28 MP: 5/7
   973 | D:1      | Reached skill level 3 in Spellcasting
  1071 | D:1      | Reached XP level 4. HP: 25/36 MP: 5/8
  1115 | D:1      | Learned a level 4 spell: Olgreb's Toxic Radiance
  1118 | D:1      | Learned a level 2 spell: Blink
  1422 | D:2      | Reached skill level 5 in Alchemy
  1486 | D:2      | Found a snail-covered altar of Cheibriados.
  1517 | D:2      | Found a faded altar of an unknown god.
  2165 | D:3      | Reached XP level 5. HP: 42/42 MP: 8/10
  2356 | D:3      | Found an iron altar of Okawaru.
  2370 | D:3      | Noticed a black bear
  2377 | D:3      | Killed a black bear
  2378 | D:3      | Reached skill level 4 in Spellcasting
  2378 | D:3      | Reached XP level 6. HP: 46/49 MP: 1/12
  2580 | D:3      | Noticed Grinder
  2591 | D:3      | Paralysed by Grinder for 4 turns
  2595 | D:3      | Killed Grinder
  2596 | D:3      | Reached XP level 7. HP: 43/55 MP: 3/13
  2725 | D:3      | Reached skill level 1 in Translocations
  2819 | D:3      | Found a sparkling altar of Nemelex Xobeh.
  3103 | D:3      | Found a runed translucent door.
  3104 | D:3      | Noticed Crazy Yiuf
  3286 | D:3      | Noticed Sigmund
  3291 | D:3      | Killed Sigmund
  3457 | D:3      | Killed Crazy Yiuf
  3539 | D:4      | Found a hide-covered altar of Uskayaw.
  3553 | D:4      | Reached skill level 5 in Spellcasting
  3598 | D:4      | Found Yxtoed's Book Shop.
  3599 | D:4      | Found Dangymm's General Store.
  3604 | D:4      | Found Dirihon's Magic Scroll Shop.
  3673 | D:4      | Found a staircase to the Ecumenical Temple.
  3751 | Temple   | Entered the Ecumenical Temple
  3887 | D:4      | Reached XP level 8. HP: 39/62 MP: 7/15
  4421 | D:4      | Found a blossoming altar of Fedhas.
  4452 | D:4      | Identified the +2 spear "Zorchyuce" {holy, rC+ Str+2 Int+2}
  4481 | D:4      | Found a glowing silver altar of Zin.
  4647 | D:4      | Found a stormy altar of Qazlal.
  4977 | D:4      | Bought a scroll of teleportation for 39 gold pieces
  5054 | D:5      | Entered Level 5 of the Dungeon
  5083 | D:5      | Reached skill level 6 in Spellcasting
  5213 | D:5      | Noticed Dowan
  5229 | D:4      | Bought a scroll of blinking for 75 gold pieces
  5229 | D:4      | Bought a scroll of teleportation for 30 gold pieces
  5229 | D:4      | Bought a scroll of teleportation for 30 gold pieces
  5421 | D:5      | Reached skill level 5 in Translocations
  6157 | D:5      | Noticed Duvessa
  6200 | D:5      | Killed Duvessa
  6202 | D:5      | Reached skill level 7 in Spellcasting
  6202 | D:5      | Killed Dowan
  6353 | D:5      | Reached XP level 9. HP: 68/68 MP: 13/20
  6797 | D:6      | Reached skill level 8 in Spellcasting
  6950 | D:6      | Found a sand-covered staircase.
  6991 | Ossuary  | Entered an ossuary
  6991 | Ossuary  | Found a huge runed translucent gate.
  6991 | Ossuary  | Found a huge runed translucent gate.
  6991 | Ossuary  | Found a huge runed translucent gate.
  6991 | Ossuary  | Found a huge runed translucent gate.
  6991 | Ossuary  | Found a huge runed translucent gate.
  6991 | Ossuary  | Found a huge runed translucent gate.
  6991 | Ossuary  | Found a huge runed translucent gate.
  6991 | Ossuary  | Found a huge runed translucent gate.
  6991 | Ossuary  | Found a huge runed translucent gate.
  6992 | Ossuary  | Found a huge runed translucent gate.
  6992 | Ossuary  | Found a huge runed translucent gate.
  6993 | Ossuary  | Found a huge runed translucent gate.
  6993 | Ossuary  | Found a huge runed translucent gate.
  6995 | Ossuary  | Found a huge runed translucent gate.
  6995 | Ossuary  | Found a huge runed translucent gate.
  7137 | Ossuary  | Found a huge runed translucent gate.
  7137 | Ossuary  | Found a huge runed translucent gate.
  7137 | Ossuary  | Found a huge runed translucent gate.
  7137 | Ossuary  | Found a huge runed translucent gate.
  7137 | Ossuary  | Found a huge runed translucent gate.
  7139 | Ossuary  | Found a huge runed translucent gate.
  7139 | Ossuary  | Found a huge runed translucent gate.
  7141 | Ossuary  | Found a huge runed translucent gate.
  7141 | Ossuary  | Found a huge runed translucent gate.
  7142 | Ossuary  | Found a huge runed translucent gate.
  7142 | Ossuary  | Found a huge runed translucent gate.
  7143 | Ossuary  | Found a huge runed translucent gate.
  7143 | Ossuary  | Found a huge runed translucent gate.
  7145 | Ossuary  | Found a huge runed translucent gate.
  7145 | Ossuary  | Found a huge runed translucent gate.
  7152 | Ossuary  | Found a huge runed translucent gate.
  7152 | Ossuary  | Found a huge runed translucent gate.
  7152 | Ossuary  | Found a huge runed translucent gate.
  7152 | Ossuary  | Found a huge runed translucent gate.
  7152 | Ossuary  | Found a huge runed translucent gate.
  7248 | D:6      | You fall into a shaft and drop 3 floors!
  7268 | D:9      | Reached skill level 9 in Spellcasting
  7678 | D:9      | Noticed a two-headed ogre
  7805 | D:7      | Found a shimmering blue altar of Sif Muna.
  7975 | D:6      | Found an ornate altar of the Wu Jian Council.
  8930 | D:7      | Reached skill level 10 in Spellcasting
  8934 | D:7      | Reached skill level 1 in Fighting
  9292 | D:7      | Reached skill level 5 in Stealth
  9292 | D:7      | Reached XP level 10. HP: 81/81 MP: 13/24
 10118 | D:7      | Identified a scroll of acquirement
 10577 | D:8      | Found a staircase to the Lair.
 10898 | D:7      | Learned a level 5 spell: Freezing Cloud
 10976 | D:8      | Found a white marble altar of Elyvilon.
 11513 | D:9      | Killed a two-headed ogre
 11514 | D:9      | Reached skill level 1 in Ice Magic
 11514 | D:9      | Reached skill level 1 in Air Magic
 11600 | D:9      | Found a roughly hewn altar of Beogh.
 12394 | D:10     | Entered Level 10 of the Dungeon
 12430 | D:10     | Identified the ring of Cossynn {rCorr AC+4 Str+5 Int-2
                  | Dex-2}
 12914 | D:10     | Reached XP level 11. HP: 71/93 MP: 14/25
 13085 | D:10     | Found a glowing golden altar of the Shining One.
 13160 | D:10     | Found a radiant altar of Vehumet.
 13182 | D:10     | Became a worshipper of Vehumet
 13404 | D:10     | Acquired a ring of wizardry
 13483 | Lair:1   | Entered Level 1 of the Lair of Beasts
 13492 | Lair:1   | Reached skill level 5 in Fighting
 13789 | Lair:1   | Noticed an oklob plant
 13793 | Lair:1   | Killed an oklob plant
 13794 | Lair:1   | Reached skill level 5 in Conjurations
 13851 | Lair:1   | Got Gyamuf's Concealed Insight, Part Three
 13872 | Lair:1   | Reached skill level 5 in Ice Magic
 13872 | Lair:1   | Reached skill level 5 in Air Magic
 14636 | Lair:2   | Reached skill level 10 in Stealth
 14691 | Lair:2   | Noticed Harold
 14710 | Lair:2   | Killed Harold
 14750 | Lair:2   | Found a gate leading to a gauntlet.
 14759 | Gauntlet | Entered a Gauntlet
 14759 | Gauntlet | Found a transporter.
 14759 | Gauntlet | Found a transporter.
 14809 | Gauntlet | Found a transporter.
 14811 | Gauntlet | Found a transporter.
 14812 | Gauntlet | Found a transporter.
 14826 | Gauntlet | Found a transporter.
 14829 | Gauntlet | Noticed a ghost crab
 14833 | Gauntlet | Noticed a large abomination
 14836 | Gauntlet | Found a transporter.
 14840 | Gauntlet | Noticed a large abomination
 14851 | Gauntlet | Noticed a minotaur
 14865 | Gauntlet | Found a transporter.
 14927 | Gauntlet | Found a transporter.
 14939 | Gauntlet | Found a transporter.
 14941 | Gauntlet | Found a transporter.
 14951 | Gauntlet | Found a transporter.
 15601 | Lair:2   | Noticed a salamander
 15603 | Lair:2   | Reached XP level 12. HP: 109/109 MP: 9/26
 15798 | Lair:2   | Found a staircase to the Snake Pit.
 16375 | Lair:3   | Noticed a skyshark
 16379 | Lair:3   | Killed a skyshark
 16387 | Lair:3   | Noticed a five-headed hydra
 16396 | Lair:3   | Killed a five-headed hydra
 16661 | Lair:3   | Found a staircase to the Shoals.
 16887 | Lair:3   | Reached * piety under Vehumet
 16887 | Lair:3   | Offered knowledge of Sandblast by Vehumet.
 17409 | Lair:3   | Reached skill level 10 in Fighting
 17535 | Lair:3   | Reached skill level 1 in Armour
 17908 | Lair:3   | Noticed a death yak
 17911 | Lair:3   | Noticed a death yak
 17914 | Lair:3   | Killed a death yak
 17918 | Lair:3   | Killed a death yak
 18404 | Lair:4   | Gained mutation: You can use your snake-like lower body to
                  | constrict enemies. [Naga growth]
 18404 | Lair:4   | Reached XP level 13. HP: 120/123 MP: 7/27
 18684 | Lair:4   | Found a staircase to the Slime Pits.
 19576 | Lair:4   | Reached skill level 11 in Spellcasting
 19576 | Lair:4   | Reached ** piety under Vehumet
 19576 | Lair:4   | Offered knowledge of Freeze by Vehumet.
 20302 | Lair:5   | Entered Level 5 of the Lair of Beasts
 20322 | Lair:5   | Noticed Sonja
 20327 | Lair:5   | Killed Sonja
 20328 | Lair:5   | Reached skill level 12 in Spellcasting
 20550 | Lair:5   | Offered knowledge of Static Discharge by Vehumet.
 20568 | Lair:5   | Reached skill level 13 in Spellcasting
 20569 | Lair:5   | Reached *** piety under Vehumet
 20575 | Lair:5   | Reached XP level 14. HP: 120/132 MP: 9/31
 20649 | Lair:5   | Reached skill level 14 in Spellcasting
 20721 | Lair:5   | Offered knowledge of Frozen Ramparts by Vehumet.
 21155 | Lair:5   | Reached **** piety under Vehumet
 21525 | Lair:5   | Slain by a thrashing horror

Illustrated notes

Levels and vault maps discovered:
D:1:      lemuel_arrival_room, layout_basic
D:2:      layout_rooms, ebering_ecumenical_altar_mist, basic_altar,
          minmay_misc_feat_square
D:3:      layout_loops_ring, okawaru_ov_weapons_minmay,
          nemelex_spade_bored_becter, uniq_grinder, uniq_crazy_yiuf_cottage,
          uniq_sigmund
D:4:      layout_loops_cross, nicolae_qazlal_eye_of_the_storm,
          lemuel_round_altar, mainiacjoe_overflow_concentric_impassable,
          nicolae_overflow_hidden_temple, minmay_temple_entry_poolview,
          dreamdust_princess_corridor, nicolae_shop_distant_corner_stores
D:5:      wander_river, layout_basic, serial_rivers,
          chequers_serial_rivers_marsh, chequers_serial_rivers_large_a,
          chequers_serial_rivers_small_b, chequers_serial_rivers_micro_e,
          uniq_duvessa
D:6:      layout_basic, nicolae_wu_jian_glorious_leap,
          mainiacjoe_ossuary_entry_dusty_tomb
D:7:      layout_layer_cave, lemuel_round_altar, minmay_misc_feat_four_crosses,
          grunt_decor_clamped, amcnicky_mini_pool_medium
D:8:      layout_basic, nicolae_elyvilon_temple_path,
          gammafunk_temple_overflow_elements, lair_entry_dummy
D:9:      layout_roguey [special_room_orc], minmay_chambers_of_fives
D:10:     layout_rooms, mainiacjoe_overflow_24_doors,
          mainiacjoe_overflow_brackets, palyth_stone_intersect
Temple:   kb_temple_of_zot
Lair:1:   layout_roguey
Lair:2:   layout_cave_pods, nicolae_snake_entry_warm_welcome,
          gauntlet_entry_generic, uniq_harold
Lair:3:   layout_misc_corridors, minmay_shoals_entry_hut,
          infiniplex_staircase_pool, serial_bayou_shore_b
Lair:4:   layout_cave_pods, minmay_slime_entry_oklob_enclosed,
          lemuel_fruit_fields
Lair:5:   hellmonk_lair_end_abyssal_woods, layout_misc_corridors,
          grunt_megastairs_3, uniq_sonja

Skill      XL: |  1  2  3  4  5  6  7  8  9 10 11 12 13 14 |
---------------+-------------------------------------------+-----
Alchemy        | 4 5 6 8 |  8.0
Spellcasting   | 3 4 5 7 10 13 14 | 14.3
Translocations | 3 5 |  5.0
Fighting       | 2 4 7 10 | 10.5
Stealth        | 5 8 10 | 10.0
Conjurations   | 3 6 8 9 |  9.3
Ice Magic      | 3 5 |  5.0
Air Magic      | 3 5 |  5.0
Dodging        | 4 |  4.0
Armour         | 3 4 |  4.0

Action                     |  1- 3 |  4- 6 |  7- 9 | 10-12 | 13-15 || total
---------------------------+-------+-------+-------+-------+-------++-------
  Melee: Mace              |       |     1 |    29 |    10 |       ||    40
         Flail             |       |       |       |    22 |    60 ||    82
         Constrict         |       |       |       |       |    16 ||    16
   Cast: Sting             |    23 |    60 |   194 |    91 |    70 ||   438
         Olgreb's Toxic Ra |       |     1 |    29 |   105 |    55 ||   190
         Blink             |       |       |       |     2 |       ||     2
         Freezing Cloud    |       |       |       |    48 |    66 ||   114
Ability: Spit Poison       |    16 |    25 |    46 |    43 |    14 ||   144
  Evoke: Wand              |       |       |    18 |     4 |     5 ||    27
    Use: Scroll            |       |       |       |    21 |     1 ||    22
         Potion            |       |       |       |       |     2 ||     2
 Armour: Robe              |     7 |    28 |   137 |    19 |       ||   191
         Troll leather arm |       |       |       |   110 |   215 ||   325
  Dodge: Dodged            |     4 |    12 |    87 |    82 |   136 ||   321

Table legend: (Time is in decaauts)
 A = Elapsed time spent in this place.
 B = Non-inter-level travel time spent in this place.
 C = Inter-level travel time spent in this place.
 D = Time resting spent in this place.
 E = Time spent auto-exploring this place.
 F = Levels seen in this place.
 G = Mean time per level.
                   A        B        C        D        E       F      G
               +--------+--------+--------+--------+--------+-----+--------+
         Total |  26015 |  24343 |   1672 |   2710 |  18968 |  18 | 1445.3 |
       Dungeon |  16130 |  14932 |   1198 |   2019 |  11400 |  10 | 1613.0 |
        Temple |     80 |      1 |     79 |      0 |      0 |   1 |   80.0 |
          Lair |   9284 |   8889 |    395 |    573 |   7305 |   5 | 1856.8 |
       Ossuary |    185 |    185 |      0 |    117 |     18 |   1 |  185.0 |
      Gauntlet |    334 |    334 |      0 |      0 |    243 |   1 |  334.0 |
               +--------+--------+--------+--------+--------+-----+--------+

Top non-repeatable levels by time:
  Lair:4: 2561 daAuts
     D:4: 2543 daAuts
     D:7: 2361 daAuts
  Lair:3: 2132 daAuts
     D:9: 1826 daAuts
     D:3: 1742 daAuts
  Lair:2: 1680 daAuts
     D:1: 1628 daAuts
  Lair:1: 1480 daAuts
  Lair:5: 1428 daAuts
     D:6: 1427 daAuts
     D:5: 1226 daAuts
    D:10: 1206 daAuts
     D:8: 1179 daAuts
     D:2: 987 daAuts
